 Dungeon Crawl Stone Soup version 0.31.0-9-g3a7656b989 (webtiles) character file.

Game seed: 1176468260913399663

46 qw the Shooter (level 3, -2/20 HPs)
             Began as a Deep Elf Hunter on Feb 2, 2024.
             Slain by a gnoll
             ... wielding a +0 spear
              (5 damage)
             ... on level 2 of the Dungeon.
             The game lasted 00:00:03 (990 turns).

qw the Shooter (Deep Elf Hunter)                     Turns: 990, Time: 00:00:03

Health: -2/20      AC:  6    Str: 10    XL:     3   Next: 44%
Magic:  0/5        EV:  9    Int: 13    God:
Gold:   41         SH:  0    Dex: 18    Spells: 2/2 levels left

rFire   . . .        a - +1 shortbow
rCold   . . .        (shield currently unavailable)
rNeg    . . .        h - +0 scale mail
rPois   .            (no helmet)
rElec   .            (no cloak)
rCorr   .            (no gloves)
SInv    .            (no boots)
Will    .....        f - amulet of guardian spirit
Stlth   +            (no ring)
HPRegen 0.23/turn    (no ring)
MPRegen 0.09/turn

%: guardian spirit
@: no status effects
A: no striking features
a: no special abilities


You were on level 2 of the Dungeon.
You visited 1 branch of the dungeon, and saw 2 of its levels.

You collected 41 gold pieces.


   Skills:
 - Level 1.5 Fighting
 + Level 7.0 Ranged Weapons
 - Level 2.4 Dodging
 - Level 1.2 Stealth


You had 2 spell levels left.
You didn't know any spells.
Your spell library was empty.

Inventory:

Hand Weapons
 a - a +1 shortbow (weapon)
Armour
 h - a +0 scale mail (worn)
Jewellery
 f - an amulet of guardian spirit (around neck)
Potions
 j - a potion of enlightenment

Dungeon Overview and Level Annotations

Branches:
Dungeon (2/15)

Altars:
Gozag


Message History

An endoplasm is nearby!
Waypoint 1 assigned to D:2.
You shoot an arrow. The arrow hits the endoplasm!
You kill the endoplasm!
A gnoll comes into view. It is wielding a +0 spear.
Found a spear.
The gnoll shouts!
You shoot an arrow. The arrow hits the gnoll.
The gnoll is heavily wounded.
You shoot an arrow. The arrow hits the gnoll.
The gnoll is heavily wounded.
A gnoll comes into view. It is wielding a +0 spear.
You shoot an arrow. The arrow barely misses the gnoll.
The gnoll shouts!
You hear a shout! x2
A gnoll comes into view. It is wielding a +0 spear.
You shoot an arrow. The arrow hits the gnoll.
The gnoll is almost dead.
The gnoll hits you from afar with a +0 spear!
You shoot an arrow. The arrow hits the gnoll!
You kill the gnoll!
A gnoll comes into view. It is wielding a +0 spear.
You have reached level 3!
Your experience leads to an increase in your attributes!
Increase (S)trength, (I)ntelligence, or (D)exterity?
You feel stronger. x2
You shoot an arrow. The arrow barely misses the gnoll.
The arrow hits the gnoll.
The gnoll is heavily wounded.
The gnoll hits you from afar with a +0 spear.
You shoot an arrow. The arrow barely misses the gnoll.
The arrow hits the gnoll!
You kill the gnoll!
The gnoll hits you from afar with a +0 spear!
The gnoll hits you from afar with a +0 spear.
Your Ranged Weapons skill increases to level 7!
You shoot an arrow. The arrow hits the gnoll!
The gnoll is heavily wounded.
The gnoll completely misses you.
You shoot an arrow. The arrow hits the gnoll.
The gnoll is severely wounded.
The gnoll hits you from afar with a +0 spear. x2
You die...

. ##########?.
..#........
...####.#.......)
.......<#@.g)....
.......#...g.....
...._..#.........
.................
.................
....####.........
+#.# #.........
#. #.........
#........


You could see 2 gnolls.

Vanquished Creatures
  2 gnolls (D:2)
  A dart slug (D:1)
  3 endoplasms
  A giant cockroach (D:1)
  2 goblins (D:1)
  2 hobgoblins (D:1)
  6 jackals (D:1)
  A ball python (D:1)
  A frilled lizard (D:1)
  2 kobolds (D:1)
21 creatures vanquished.

Notes
Turn   | Place    | Note
-------+----------+-------------------------------------------
     0 | D:1      | qw the Deep Elf Hunter began the quest for the Orb.
     0 | D:1      | Reached XP level 1. HP: 12/12 MP: 3/3
     0 | D:1      | 0 ||| qw: Version: 0.3-a-155-g5e7d8dd
     0 | D:1      | 0 ||| qw: Game counter: 2707
     0 | D:1      | 0 ||| qw: Melee chars always use a shield: true
     0 | D:1      | 0 ||| qw: God list: Okawaru
     0 | D:1      | 0 ||| qw: Allow faded altars: false
     0 | D:1      | 0 ||| qw: Do Orc after clearing Dungeon:15 true
     0 | D:1      | 0 ||| qw: Do second Lair branch before Depths: true
     0 | D:1      | 0 ||| qw: Lair rune preference: random
     0 | D:1      | 0 ||| qw: Goals: Normal
     0 | D:1      | 0 ||| PLANNING D:1-11
   123 | D:1      | Reached XP level 2. HP: 16/16 MP: 4/4
   134 | D:1      | Reached skill level 6 in Ranged Weapons
   918 | D:1      | 918 ||| UPGRADING to +0 scale mail.
   928 | D:1      | 928 ||| DROPPING +0 leather armour.
   929 | D:1      | 929 ||| UPGRADING to amulet of guardian spirit.
   934 | D:1      | 934 ||| READING scroll labelled OKEFIU POES.
   934 | D:1      | 934 ||| ENCHANTING +0 shortbow.
   935 | D:1      | 935 ||| READING scroll labelled REBUT MUYXEYRR.
   935 | D:1      | 935 ||| IDENTIFYING brown potion
   936 | D:1      | 936 ||| READING scroll labelled RUOJOW BECEARA.
   936 | D:1      | 936 ||| ENCHANTING +0 shortbow.
   937 | D:1      | 937 ||| DRINKING 2 inky potions.
   938 | D:1      | 938 ||| DROPPING scroll of butterflies.
   939 | D:1      | 939 ||| DROPPING potion of attraction.
   978 | D:2      | Found an opulent altar of Gozag.
   987 | D:2      | Reached XP level 3. HP: 12/20 MP: 3/5
   988 | D:2      | HP: 4/20 [gnoll/+0 spear (2)]
   989 | D:2      | Reached skill level 7 in Ranged Weapons
   990 | D:2      | Slain by a gnoll

Levels and vault maps discovered:
D:1:      dpeg_arrival_castle, layout_loops_corners
D:2:      layout_basic, basic_altar, serial_shops, shop

Skill      XL: |  1  2  3 |
---------------+----------+-----
Ranged Weapons | 6 7 |  7.0
Fighting       | |  1.5
Dodging        | |  2.4
Stealth        | |  1.2

Action                     || total
---------------------------++-------
   Fire: Shortbow          ||    74
    Use: Scroll            ||     3
         Potion            ||     1
 Armour: Leather armour    ||    11
         Scale mail        ||     6
  Dodge: Dodged            ||     9

Table legend:
 A = Non-vault XP
 B = Vault XP
 C = Vault XP percentage of total XP
 D = Non-vault monster count
 E = Vault monster count
 F = Vault count percentage of total count
                 A         B        C        D         E       F
            +---------+---------+-------+---------+---------+-------
      Total |      66 |       0 |   0.0 |      21 |       0 |   0.0
            +---------+---------+-------+---------+---------+-------
        D:1 |      35 |       0 |   0.0 |      18 |       0 |   0.0
        D:2 |      31 |       0 |   0.0 |       3 |       0 |   0.0
            +---------+---------+-------+---------+---------+-------
